 Dungeon Crawl Stone Soup version 0.25-a0-316-gd28d56f9c5 (webtiles) character file.

Game seed: 15540659162352601144, levelgen mode: classic

254 Borgoz the Slasher (level 6, -9/55 HPs)
             Began as a Gargoyle Berserker on Dec 24, 2019.
             Was a Believer of Trog.
             Mangled by an ogre
             ... wielding a +0 giant spiked club
              (18 damage)
             ... on level 4 of the Dungeon.
             The game lasted 00:03:40 (2870 turns).

Borgoz the Slasher (Gargoyle Berserker)             Turns: 2870, Time: 00:03:40

Health: -9/55      AC: 10    Str: 26    XL:     6   Next: 14%
Magic:  6/6        EV: 13    Int:  9    God:    Trog [**....]
Gold:   138        SH:  0    Dex: 11    Spells: 5/5 levels left

rFire    . . .     SeeInvis .   q - +0 long sword
rCold    . . .     Gourm    .   (no shield)
rNeg     + . .     Faith    .   b - +0 animal skin
rPois    ∞         Spirit   .   l - +0 helmet
rElec    +         Reflect  .   n - +0 cloak
rCorr    .         Harm     .   g - +0 pair of gloves
MR       .....                  (no boots)
Stlth    ..........             (no amulet)
HPRegen  0.18/turn              r - +2 ring of intelligence
MPRegen  0.10/turn              (no ring)

@: berserking, very quick
A: negative energy resistance 1, electricity resistance, unbreathing,
petrification resistance, rot immunity, AC +4
a: Berserk, Trog's Hand, Renounce Religion


You were on level 4 of the Dungeon.
You worshipped Trog.
Trog was pleased with you.
You were hungry.

You visited 1 branch of the dungeon, and saw 4 of its levels.

You collected 138 gold pieces.

Inventory:

Hand Weapons
 q - a +0 long sword (weapon)
Armour
 b - a +0 animal skin (worn)
 g - a +0 pair of gloves (worn)
 l - a +0 helmet (worn)
 n - a +0 cloak (worn)
Jewellery
 r - a +2 ring of intelligence (left hand)
Scrolls
 f - 2 scrolls of teleportation
 s - a scroll of remove curse {unknown}
 u - a scroll of identify {unknown}
Potions
 e - a potion of curing {unknown}
 i - 2 potions of agility {unknown}
 j - 2 potions of haste {unknown}
 m - a potion of brilliance {unknown}
 o - a potion of magic {unknown}
 p - a potion of flight {unknown}
 t - a potion of berserk rage {unknown}
Comestibles
 a - a chunk of flesh
 c - 5 rations


   Skills:
 + Level 3.3 Fighting
 * Level 4.3 Long Blades
 + Level 3.6 Armour
 * Level 3.3 Dodging


You had 5 spell levels left.
You didn't know any spells.
Your spell library was empty.

Dungeon Overview and Level Annotations

Branches:
Dungeon (4/15)
 Temple: D:4-7

Altars:
Cheibriados
Fedhas
Okawaru
Ru


Innate Abilities, Weirdness & Mutations

You are resistant to torment.
Your stone body is resilient. (AC +4)
You are immune to poison.
You resist negative energy. (rN+)
You are resistant to electric shocks. (rElec)
You can survive without breathing.
You are immune to petrification.
You are immune to rotting.


Message History

The ogre is moderately wounded.
You hit the ogre.
The ogre is moderately wounded.
The ogre closely misses you.
You barely miss the ogre.
The ogre is moderately wounded.
The ogre barely misses you. The phantom closely misses you.
You hit the ogre.
The ogre is moderately wounded.
The phantom hits you.
The ogre hits you with a +0 giant spiked club!
* * * LOW HITPOINT WARNING * * *
The phantom hits you but does no damage.
You are too injured to fight recklessly!
Okay, then.
A red film seems to cover your vision as you go berserk!
You feel yourself moving faster!
You feel mighty!
You are feeling hungry.
The ogre hits you with a +0 giant spiked club!!
You die...

#?......#
#.......#
#.......#
#?.....#
##.....##### .
#........ .# ##..
#....W.###.##..$.
#...O@........#
#......$....###
#########...####
###......#
#...........#
##.###.......##
####..#
#.......##
#....## #........
#.#### #...#...


You could see a phantom and an ogre.

Vanquished Creatures
  An orc wizard (D:2)
  An orc priest (D:3)
  Crazy Yiuf (D:2)
  Robin (D:3)
  3 gnolls (D:4)
  4 adders
  3 worms
  2 dart slugs
  2 leopard geckos
  3 orcs (D:3)
  2 giant cockroaches
  8 hobgoblins
  8 jackals
  A quokka (D:2)
  A ball python (D:2)
  6 bats (D:1)
  3 frilled lizards
  14 goblins
  7 kobolds
  4 rats
75 creatures vanquished.

Notes
Turn   | Place    | Note
-------+----------+-------------------------------------------
     0 | D:1      | Borgoz the Gargoyle Berserker began the quest for the Orb.
     0 | D:1      | Reached XP level 1. HP: 14/14 MP: 1/1
   109 | D:1      | Reached XP level 2. HP: 15/19 MP: 2/2
   202 | D:1      | Reached skill level 3 in Long Blades
   783 | D:2      | Reached XP level 3. HP: 18/23 MP: 3/3
   847 | D:2      | Found a runed translucent door.
   848 | D:2      | Noticed Crazy Yiuf
   855 | D:2      | Killed Crazy Yiuf
   960 | D:2      | Reached XP level 4. HP: 28/28 MP: 4/4
   985 | D:2      | Reached ** piety under Trog
  1418 | D:2      | Found a sacrificial altar of Ru.
  1525 | D:2      | Found a faded altar of an unknown god.
  1636 | D:2      | Reached XP level 5. HP: 9/32 MP: 5/5
  1875 | D:3      | Reached skill level 4 in Long Blades
  1965 | D:3      | Noticed Robin
  1987 | D:3      | Killed Robin
  2151 | D:3      | Found a snail-covered altar of Cheibriados.
  2317 | D:3      | Found an iron altar of Okawaru.
  2742 | D:3      | Found a blossoming altar of Fedhas.
  2809 | D:4      | Reached XP level 6. HP: 37/37 MP: 6/6
  2861 | D:4      | Noticed a phantom
  2870 | D:4      | Mangled by an ogre

Levels and vault maps discovered:
D:1:      lemuel_arrival_tunnels, layout_basic
D:2:      layout_loops_ring, hangedman_ru_absence,
          chequers_ecumenical_altar_grove, uniq_crazy_yiuf_cottage
D:3:      layout_loops_corners, kennysheep_slug_shrine, fedhas_altar_fruit_tree,
          old_standard_altar, uniq_robin
D:4:      layout_rooms, led_sif_pool, amethyst_overflow_temple_binary,
          first_ration

Skill      XL: |  1  2  3  4  5 |
---------------+----------------+-----
Long Blades    | 3 4 |  4.3
Dodging        | 2 3 |  3.3
Armour         | 3 |  3.6
Fighting       | |  3.3

Action                   |  1- 3 |  4- 6 || total
-------------------------+-------+-------++-------
Melee: Falchion          |    99 |    26 ||   125
       Long sword        |       |   100 ||   100
Invok: Berserk           |     1 |     4 ||     5
       Trog's Hand       |       |     1 ||     1
  Use: Scroll            |       |     4 ||     4
 Stab: Sleeping          |     1 |       ||     1
  Eat: Chunk             |     1 |    10 ||    11
Armor: Animal skin       |    41 |    46 ||    87
Dodge: Dodged            |    78 |    89 ||   167
       Rpst.: Falchion   |    28 |     4 ||    32
       Long sword        |       |    20 ||    20

Table legend:
 A = Non-vault XP
 B = Vault XP
 C = Vault XP percentage of total XP
 D = Non-vault monster count
 E = Vault monster count
 F = Vault count percentage of total count
                 A         B        C        D         E       F
            +---------+---------+-------+---------+---------+-------
      Total |     280 |      83 |  22.9 |      60 |      15 |  20.0
            +---------+---------+-------+---------+---------+-------
        D:1 |      26 |       0 |   0.0 |      18 |       0 |   0.0
        D:2 |     124 |      39 |  23.9 |      23 |       1 |   4.2
        D:3 |      73 |      44 |  37.6 |      15 |      14 |  48.3
        D:4 |      57 |       0 |   0.0 |       4 |       0 |   0.0
            +---------+---------+-------+---------+---------+-------
